 Dungeon Crawl Stone Soup version 0.27.1-33-g824d729ab1 (webtiles) character file.

Game seed: 16264419367529683973

66096 Sharkman1231 the Black Belt (level 14, -2/110 HPs)
             Began as a Demonspawn Delver on Dec 25, 2021.
             Was the Champion of Okawaru.
             Slain by a wolf spider simulacrum (23 damage)
             ... on level 15 of the Dungeon.
             The game lasted 00:32:33 (28655 turns).

Sharkman1231 the Black Belt (Demonspawn Delver)    Turns: 28655, Time: 00:32:34

Health: -2/110     AC: 12    Str: 18    XL:     14   Next: 77%
Magic:  24/24      EV: 17    Int: 14    God:    Okawaru [******]
Gold:   1650       SH:  6    Dex: 21    Spells: 20/27 levels left

rFire    + . .     SeeInvis +     - Unarmed
rCold    . . .     Faith    .   Q - +0 buckler
rNeg     + . .     Spirit   .   N - +3 leather armour {Will+}
rPois    +         Reflect  .   V - +2 hat {SInv}
rElec    .         Harm     .   m - +0 cloak "Veimes" {Dex+4 Stlth+}
rCorr    +         Rampage  .   (gloves unavailable)
Will     ++...                  S - +1 pair of boots
Stlth    ++++......             J - amulet of Adyodu {Acrobat rN+ rCorr}
HPRegen  0.28/turn              a - ring "Xymn" {rPois rF+ rCorr Str+5}
MPRegen  0.19/turn              u - +4 ring of slaying

@: studying Unarmed Combat
A: antennae 2, claws 3, hooves 2, foul stench 3, spiny 1
a: Renounce Religion, Heroism, Finesse


You were on level 15 of the Dungeon.
You worshipped Okawaru.
Okawaru was exalted by your worship.
You visited 3 branches of the dungeon, and saw 19 of its levels.
You also visited: Ossuary and Bailey.

You collected 1650 gold pieces.

Inventory:

Hand Weapons
 D - the +11 dagger "Hellblazer" {protect, Int+6}
   (You found it on level 7 of the Dungeon)

   It grants its wielder temporary protection when it strikes (+7 to AC).
   Int:       It affects your intelligence (+6).
Missiles
 F - 2 throwing nets (quivered)
 I - 9 curare-tipped darts
Armour
 m - the +0 cloak "Veimes" (worn) {Dex+4 Stlth+}
   (You found it on level 9 of the Dungeon)

   Dex:       It affects your dexterity (+4).
   Stlth:     It makes you more stealthy.
 L - +0 acid dragon scales
 N - a +3 leather armour of willpower (worn)
 P - a +0 cloak
 Q - a +0 buckler (worn)
 S - a +1 pair of boots (worn)
 V - a +2 hat of see invisible (worn)
Jewellery
 a - the ring "Xymn" (left claw) {rPois rF+ rCorr Str+5}
   (You found it on level 15 of the Dungeon)

   [ring of protection from fire]

   Str:       It affects your strength (+5).
   rF:        It protects you from fire.
   rPois:     It protects you from poison.
   rCorr:     It protects you from acid and corrosion.
 s - a ring of willpower
 u - a +4 ring of slaying (right claw)
 v - a ring of ice
 w - a ring of see invisible
 J - the amulet of Adyodu (around neck) {Acrobat rN+ rCorr}
   (You found it on level 7 of the Dungeon)

   [amulet of the acrobat]

   It increases your evasion while moving and waiting.
   rN:        It protects you from negative energy.
   rCorr:     It protects you from acid and corrosion.
Wands
 g - a wand of digging (3)
 h - a wand of iceblast (20)
 y - a wand of charming (6)
 A - a wand of paralysis (11)
 B - a wand of flame (41)
 K - a wand of polymorph (35)
 R - a wand of acid (16)
Scrolls
 b - 2 scrolls of immolation
 c - 7 scrolls of fog
 d - a scroll of blinking
 e - 6 scrolls of fear
 i - 4 scrolls of enchant weapon {unknown}
 k - 2 scrolls of holy word {unknown}
 n - 5 scrolls of enchant armour
 o - 11 scrolls of teleportation
 t - 3 scrolls of vulnerability
 E - a scroll of summoning
 M - a scroll of magic mapping
 O - a scroll of identify
 U - a scroll of torment {unknown}
Potions
 f - 4 potions of haste
 j - 10 potions of ambrosia
 l - 6 potions of curing
 p - 2 potions of heal wounds
 q - 2 potions of magic
 r - 2 potions of berserk rage
 x - 3 potions of resistance
 z - 5 potions of mutation
 C - 6 potions of might
 G - 2 potions of invisibility
 H - 4 potions of brilliance


   Skills:
 - Level 10.0 Fighting
 - Level 2.5 Maces & Flails
 - Level 5.0 Armour
 - Level 8.0 Dodging
 - Level 4.5 Stealth
 - Level 4.0 Shields
 - Level 15.0 Unarmed Combat
 + Level 7.2 Spellcasting
 + Level 7.8 Hexes
 + Level 7.1 Air Magic
 - Level 9.0 Invocations
 - Level 8.0 Evocations


You had 20 spell levels left.
You knew the following spells:

 Your Spells              Type           Power      Damage    Failure   Level
a - Blink                 Tloc           N/A        N/A       26%         2
b - Silence               Hex/Air        13%        N/A       22%         5

Your spell library contained the following spells:

 Spells                   Type           Power      Damage    Failure   Level
 Tukima's Dance           Hex            27%        N/A       1%          3
 Poisonous Vapours        Pois/Air       30%        N/A       6%          2
 Summon Guardian Golem    Hex/Summ       16%        N/A       10%         3
 Freeze                   Ice            20%        1d4       17%         1
 Sting                    Tmut/Pois      20%        1d4       17%         1
 Sublimation of Blood     Necr           2%         N/A       26%         2
 Wereblood                Tmut           5%         N/A       26%         2
 Fulminant Prism          Conj/Hex       8%         3d7       32%         4
 Frozen Ramparts          Ice            10%        1d3       45%         3
 Gell's Gravitas          Tloc           2%         N/A       45%         3
 Lesser Beckoning         Tloc           2%         N/A       45%         3
 Teleport Other           Tloc           5%         N/A       45%         3
 Yara's Violent Unravell  Hex/Tmut       8%         3d5       67%         5
 Hailstorm                Conj/Ice       5%         3d4       86%         4
 Iskenderun's Mystic Bla  Conj/Tloc      5%         2d3       86%         4
 Olgreb's Toxic Radiance  Pois           5%         N/A       86%         4
 Passage of Golubria      Tloc           N/A        N/A       86%         4
 Lee's Rapid Deconstruct  Erth           2%         3d6*      99%         5
 Manifold Assault         Tloc           5%         N/A       99%         5
 Dispersal                Tloc           2%         N/A       100%        6
 Orb of Destruction       Conj           2%         9d1       100%        7
 Spellforged Servitor     Conj/Summ      2%         N/A       100%        7
 Summon Hydra             Summ           2%         N/A       100%        7
 Lehudib's Crystal Spear  Conj/Erth      2%         10d2      100%        8


Dungeon Overview and Level Annotations

Branches:
Dungeon (15/15)            Temple (1/1) D:4            Lair (3/6) D:9
  Swamp (0/4) Lair:3        Snake (0/4) Lair:2          Orc (0/2) D:12
 Vaults (0/5) D:14         Depths (0/5) D:15        Ossuary (visited)
 Bailey (visited)

Altars:
Ashenzari
Cheibriados
Dithmenos
Elyvilon
Fedhas
Gozag
Hepliaklqana
Kikubaaqudgha
Makhleb
Nemelex Xobeh
Okawaru
Qazlal
Ru
Sif Muna
Trog
Uskayaw
Vehumet
Wu Jian
Xom
Yredelemnul
Zin
The Shining One
Beogh

Shops:
D:1 =   D:15 [

Annotations:
D:12 exclusion: ice statue
D:15 1 transporter
Lair:3 1 runed translucent door


Innate Abilities, Weirdness & Mutations

You have a pair of antennae on your head.
You have claws for hands.
You have hoof-like feet.
You frequently emit foul miasma when damaged in melee.
You are partially covered in sharp spines.


Message History

The floating eye gazes piercingly through you!
You shrug off the repeated paralysis!
You can move again.
Unknown command.
You mangle the floating eye!!
You kill the floating eye!
Okawaru accepts your kill.
Unknown command.
Unknown command.
The helpless vault guard fails to defend itself.
You mangle the vault guard!!
The vault guard is heavily wounded.
The vault guard barely misses you.
You mangle the vault guard!!
The vault guard is almost dead.
You mangle the vault guard!!
You kill the vault guard!
Okawaru accepts your kill.
No target in view!
Things that are here:
a +0 glaive; a +0 chain mail You open the door.
A wolf spider simulacrum comes into view.
Found 46 stones and a long sword.
Found Jeam Huu's Armour Emporium.
There is an open door here.
Found 2 scrolls labelled ITWEFF SIEMIDU.
The wolf spider simulacrum hits you. The wolf spider simulacrum freezes you!
You emit a cloud of foul miasma!
The wolf spider simulacrum misses you.
You block the wolf spider simulacrum's attack.
The wolf spider simulacrum bites you.
The wolf spider simulacrum freezes you!!
You mangle the wolf spider simulacrum!!
The wolf spider simulacrum is severely damaged.
The wolf spider simulacrum hits you.
The wolf spider simulacrum freezes you!!
* * * LOW HITPOINT WARNING * * *
The wolf spider simulacrum bites you.
* * * LOW HITPOINT WARNING * * *
The wolf spider simulacrum freezes you!!
You die...

...... ###.≈≈≈..
### ##...≈≈≈.#.
##(.###....≈≈.#..
##∩..)##..^...#...
#(..Z@.#.....#....
#...##'#..........
##? #.....#^......
# +....#).....#
##..........##
##...........+
#............#
####............#
##..#..#........##


You could see a wolf spider simulacrum.

Vanquished Creatures
  Snorg (D:10)
  Fannar (D:12)
  4 hydras
  2 great orbs of eyes
  Harold (D:7)
  7 vault guards
  2 boulder beetles
  The ghost of pkoi the Grappler, a journeyman DrMo of Dithmenos (D:10)
  6 centaur warriors
  2 catoblepae
  8 death yaks
  7 two-headed ogres
  A tengu warrior (D:14)
  4 skeletal warriors
  A wizard (D:14)
  Pikel (D:5)
  2 orc knights
  A flayed ghost (D:15)
  A glowing orange brain (D:15)
  5 deep elf pyromancers
  A cyclops (D:13)
  A manticore (D:7)
  10 ugly things
  4 black mambas
  A centaur zombie (D:10)
  Joseph (D:8)
  A black mamba (shapeshifter) (D:15)
  4 cane toads (Lair:1)
  3 gargoyles
  Maggie (D:9)
  A rime drake (shapeshifter) (D:15)
  A kobold demonologist (D:15)
  A freezing wraith (D:14)
  5 komodo dragons
  A yaktaur (shapeshifter) (D:14)
  A yaktaur (D:12)
  A polar bear (Lair:2)
  A meliai (shapeshifter) (D:13)
  6 trolls
  2 wolf spider simulacra (D:15)
  A queen bee (D:11)
  A tyrant leech (Lair:3)
  A hornet (D:8)
  A dream sheep (shapeshifter) (D:13)
  3 blink frogs (Lair:1)
  A raiju (shapeshifter) (D:14)
  9 slime creatures
  2 wraiths
  2 vampires
  26 yaks
  A wyvern (D:9)
  A basilisk (D:15)
  A golden eye (shapeshifter) (D:14)
  8 vampire mosquitoes
  Edmund (D:4)
  A swamp worm (Lair:3)
  3 acid dragons
  11 water moccasins
  A floating eye (D:15)
  A hornet zombie (D:8)
  5 orc warriors (Bailey)
  3 sky beasts
  A black bear (D:7)
  A black bear (shapeshifter) (D:15)
  2 necrophages
  4 ogres
  7 centaurs
  3 wolves (Lair:2)
  A lemure (D:5)
  3 kobold brigands
  10 bullfrogs
  A gnoll sergeant (D:9)
  6 scorpions
  A water moccasin zombie (D:7)
  25 killer bees (D:11)
  3 howler monkeys
  9 wights
  An electric eel (D:8)
  A bullfrog zombie (D:6)
  3 centaur skeletons
  A gnoll shaman (D:8)
  5 orc priests
  2 bullfrog skeletons
  A hound (D:5)
  2 jellies
  Jessica (D:3)
  2 iguanas (D:5)
  Ijyb (D:3)
  14 orc wizards
  A hell rat (D:9)
  2 ogre zombies (D:9)
  A hound zombie (D:3)
  A mummy (Ossuary)
  A howler monkey zombie (D:11)
  8 adders
  11 gnolls
  2 river rats (D:9)
  4 white imps
  An ufetubus (D:6)
  3 worms
  4 dart slugs
  27 orcs
  7 ball pythons
  7 endoplasms
  8 giant cockroaches
  13 hobgoblins
  17 kobolds
  6 quokkas
  8 bats
  A frilled lizard (D:3)
  5 gnoll skeletons (Ossuary)
  7 goblins
  6 kobold skeletons (Ossuary)
  14 orc skeletons (Ossuary)
  8 rats
473 creatures vanquished.

Vanquished Creatures (others)
  20 fungi
  13 plants
33 creatures vanquished.

Grand Total: 506 creatures vanquished

Notes
Turn   | Place    | Note
-------+----------+-------------------------------------------
     0 | D:5      | Sharkman1231 the Demonspawn Delver began the quest for the
                  | Orb.
     0 | D:5      | Reached XP level 1. HP: 18/18 MP: 1/1
    61 | D:5      | Noticed an iguana
    80 | D:5      | Noticed a kobold brigand
    91 | D:5      | Noticed a hound
    95 | D:5      | Killed a hound
    96 | D:5      | Gained mutation: You have a pair of small antennae on your
                  | head. [demonic ancestry]
    96 | D:5      | Reached XP level 2. HP: 24/24 MP: 2/2
    96 | D:5      | Gained mutation: You have large cloven feet. [demonic
                  | ancestry]
    96 | D:5      | Reached XP level 3. HP: 29/29 MP: 3/3
   134 | D:4      | Noticed a sky beast
   147 | D:4      | Killed a sky beast
   148 | D:4      | Reached skill level 2 in Unarmed Combat
   148 | D:4      | Gained mutation: You have sharp fingernails. [demonic
                  | ancestry]
   148 | D:4      | Reached XP level 4. HP: 25/37 MP: 4/4
   152 | D:4      | Gained mutation: You have very sharp fingernails. [demonic
                  | ancestry]
   152 | D:4      | Reached XP level 5. HP: 23/42 MP: 5/5
  1015 | D:4      | Noticed Edmund
  1015 | D:4      | Noticed an ogre
  1048 | D:4      | Killed an ogre
  1049 | D:4      | Reached skill level 3 in Unarmed Combat
  1049 | D:4      | Gained mutation: You may rarely emit foul miasma when
                  | damaged in melee. [demonic ancestry]
  1049 | D:4      | Reached XP level 6. HP: 29/48 MP: 6/6
  1061 | D:4      | Killed Edmund
  1109 | D:4      | Found a staircase to the Ecumenical Temple.
  1118 | Temple   | Entered the Ecumenical Temple
  1366 | Temple   | Learned a level 2 spell: Blink
  1418 | Temple   | Became a worshipper of Warmaster Okawaru
  1719 | D:5      | Reached skill level 4 in Unarmed Combat
  1895 | D:5      | Reached skill level 1 in Evocations
  1895 | D:5      | Gained mutation: You sometimes emit foul miasma when
                  | damaged in melee. [demonic ancestry]
  1895 | D:5      | Reached XP level 7. HP: 31/55 MP: 7/7
  2408 | D:4      | Reached skill level 5 in Fighting
  2836 | D:3      | Found a faded altar of an unknown god.
  3731 | D:1      | Found Pipsez's Jewellery Boutique.
  4222 | D:2      | Reached skill level 5 in Unarmed Combat
  4915 | D:3      | Noticed Ijyb
  4930 | D:3      | Killed Ijyb
  5178 | D:3      | Noticed Jessica
  5184 | D:3      | Killed Jessica
  5185 | D:3      | Reached XP level 8. HP: 58/62 MP: 8/8
  5303 | D:5      | Noticed Pikel
  5311 | D:5      | Reached skill level 1 in Invocations
  5327 | D:5      | Killed Pikel
  5327 | D:5      | Reached * piety under Okawaru
  5517 | D:5      | Reached skill level 6 in Unarmed Combat
  6127 | D:6      | Reached skill level 5 in Dodging
  6272 | D:6      | Reached ** piety under Okawaru
  6291 | D:6      | Reached XP level 9. HP: 69/69 MP: 11/11
  7091 | D:7      | Identified the +11 dagger "Hellblazer" {protect, Int+6}
  7232 | D:7      | Found a sand-covered staircase.
  7396 | Ossuary  | Entered an ossuary
  7563 | Ossuary  | Reached skill level 7 in Unarmed Combat
  7766 | D:7      | Noticed Harold
  7776 | D:7      | Killed Harold
  7776 | D:7      | Reached *** piety under Okawaru
  7777 | D:7      | Reached skill level 5 in Invocations
  7803 | D:7      | Reached skill level 5 in Evocations
  7841 | D:7      | Reached **** piety under Okawaru
  7861 | D:7      | Found a large runed translucent door.
  7861 | D:7      | Found a large runed translucent door.
  7911 | D:7      | Gained mutation: You are partially covered in sharp spines.
                  | [demonic ancestry]
  7911 | D:7      | Reached XP level 10. HP: 28/79 MP: 11/14
  8163 | D:7      | Noticed a manticore
  8170 | D:7      | Learned a level 5 spell: Silence
  8175 | D:7      | Found a large runed translucent door.
  8175 | D:7      | Found a large runed translucent door.
  8228 | D:7      | Noticed a gargoyle
  8239 | D:7      | Killed a gargoyle
  8240 | D:7      | Reached skill level 8 in Unarmed Combat
  8241 | D:7      | Identified the amulet of Adyodu {Acrobat rN+ rCorr}
  8386 | D:7      | Found a shimmering blue altar of Sif Muna.
  8914 | D:8      | Noticed a two-headed ogre
  8922 | D:8      | Killed a two-headed ogre
  8947 | D:8      | Noticed Joseph
  9086 | D:8      | Killed Joseph
  9199 | D:8      | You fall into a shaft and drop 3 floors!
  9250 | D:11     | Noticed a red ugly thing
  9258 | D:11     | Killed a red ugly thing
  9722 | D:10     | Entered Level 10 of the Dungeon
  9798 | D:10     | Noticed a two-headed ogre
  9800 | D:10     | Reached skill level 1 in Armour
  9800 | D:10     | Reached skill level 9 in Unarmed Combat
  9809 | D:10     | Killed a two-headed ogre
  9809 | D:10     | Reached ***** piety under Okawaru
  9818 | D:10     | Noticed Snorg
  9850 | D:10     | Found a runed translucent gate.
  9851 | D:10     | Found a runed translucent gate.
  9851 | D:10     | Found an opulent altar of Gozag.
  9851 | D:10     | Found a runed translucent gate.
  9851 | D:10     | Noticed pkoi's ghost (journeyman DrMo)
  9852 | D:10     | Noticed an orc knight
  9852 | D:10     | Noticed a catoblepas
  9853 | D:10     | Noticed a deep elf pyromancer
  9854 | D:10     | Noticed a great orb of eyes
  9876 | D:10     | Found a flagged portal.
  9898 | D:10     | Received a gift from Okawaru
  9899 | D:10     | Gained mutation: You have a pair of antennae on your head.
                  | [demonic ancestry]
  9899 | D:10     | Reached XP level 11. HP: 84/86 MP: 14/16
  9926 | Bailey   | Entered a bailey
 10118 | Bailey   | Noticed an orc knight
 10131 | Bailey   | Killed an orc knight
 11027 | D:8      | Noticed a skeletal warrior
 11027 | D:8      | Noticed a deep elf pyromancer
 12091 | D:8      | Killed a deep elf pyromancer
 12144 | D:8      | Killed a skeletal warrior
 12270 | D:9      | Noticed a death yak
 12285 | D:9      | Killed a death yak
 12286 | D:9      | Reached skill level 1 in Spellcasting
 12286 | D:9      | Reached skill level 1 in Hexes
 12286 | D:9      | Reached skill level 1 in Air Magic
 12300 | D:9      | Noticed a two-headed ogre
 12308 | D:9      | Killed a two-headed ogre
 12500 | D:9      | Noticed Maurice
 12786 | D:9      | Noticed Maurice
 12786 | D:9      | Maurice changed into Maurice the centaur
 12789 | D:9      | Killed Maurice the centaur
 12955 | D:9      | Noticed a death yak
 12981 | D:9      | Found a staircase to the Lair.
 12984 | D:9      | Noticed a death yak
 13004 | D:9      | Killed a death yak
 13424 | D:9      | Reached skill level 10 in Unarmed Combat
 13487 | D:9      | Noticed Maggie
 13503 | D:9      | Killed Maggie
 13563 | D:9      | Killed a death yak
 13794 | D:9      | Found a transporter.
 13863 | D:9      | Reached skill level 1 in Shields
 14022 | D:9      | Found a transporter.
 14533 | D:10     | Killed Snorg
 14533 | D:10     | Received a gift from Okawaru
 14534 | D:10     | Gained mutation: You frequently emit foul miasma when
                  | damaged in melee. [demonic ancestry]
 14534 | D:10     | Reached XP level 12. HP: 94/94 MP: 18/18
 14831 | D:11     | Noticed a boulder beetle
 15085 | D:11     | Noticed a seven-headed hydra
 15123 | D:11     | Noticed a two-headed ogre
 15132 | D:11     | Killed a two-headed ogre
 15423 | D:11     | Killed a seven-headed hydra
 16013 | D:12     | Noticed a boulder beetle
 16028 | D:12     | Killed a boulder beetle
 16239 | D:12     | Noticed Fannar
 16381 | D:12     | Noticed a two-headed ogre
 16389 | D:12     | Killed a two-headed ogre
 16494 | D:12     | Noticed a six-headed hydra
 16504 | D:12     | Killed a six-headed hydra
 16730 | D:12     | Identified a scroll of acquirement
 16739 | D:12     | Acquired a manual of Unarmed Combat
 16792 | D:12     | Killed Fannar
 16864 | D:12     | Found a staircase to the Orcish Mines.
 17359 | D:13     | Noticed Sonja
 17361 | D:13     | Noticed Sonja
 17361 | D:13     | Sonja changed into Sonja the human
 17363 | D:13     | Noticed Sonja
 17363 | D:13     | Sonja the human changed into Sonja the black mamba
 17368 | D:13     | Killed Sonja the black mamba
 17563 | D:13     | Reached skill level 11 in Unarmed Combat
 17865 | D:13     | Noticed a centaur warrior
 17875 | D:13     | Killed a centaur warrior
 18100 | D:13     | Gained mutation: You have hoof-like feet. [demonic
                  | ancestry]
 18100 | D:13     | Reached XP level 13. HP: 101/101 MP: 19/19
 18291 | D:13     | HP: 5/101 [skeletal warrior[a skeletal warrior] (15)]
 18862 | D:13     | Reached ****** piety under Okawaru
 19150 | Lair:1   | Entered Level 1 of the Lair of Beasts
 19374 | Lair:1   | Identified the +9 dagger "Jeywk" {freeze, rN+ Will- Str+4
                  | Dex+2} (Okawaru gifted it to you on level 1 of the Lair of
                  | Beasts)
 19374 | Lair:1   | Received a gift from Okawaru
 20366 | Lair:2   | Identified the +7 rapier "Lotz" {vorpal, rF+ Int+2}
 20406 | Lair:2   | Reached skill level 12 in Unarmed Combat
 20758 | Lair:2   | Found a staircase to the Snake Pit.
 20768 | Lair:2   | Reached skill level 5 in Armour
 21628 | Lair:2   | Received a gift from Okawaru
 21862 | Lair:3   | Found a staircase to the Swamp.
 21880 | Lair:3   | Reached skill level 5 in Hexes
 22166 | Lair:3   | Reached skill level 5 in Spellcasting
 22513 | Lair:3   | Reached skill level 5 in Air Magic
 22864 | Lair:3   | Reached skill level 13 in Unarmed Combat
 23162 | Lair:3   | Found a runed translucent door.
 23653 | D:9      | Identified the +0 cloak "Veimes" {Dex+4 Stlth+}
 24023 | D:7      | Received a gift from Okawaru
 24024 | D:7      | Reached skill level 10 in Fighting
 24713 | D:10     | Killed pkoi's ghost
 24714 | D:10     | Gained mutation: You have claws for hands. [demonic
                  | ancestry]
 24714 | D:10     | Reached XP level 14. HP: 100/110 MP: 22/22
 25717 | D:14     | Received a gift from Okawaru
 25730 | D:14     | Reached skill level 14 in Unarmed Combat
 26133 | D:15     | Entered Level 15 of the Dungeon
 26907 | D:14     | Found a gate to the Vaults.
 27536 | D:15     | Reached skill level 15 in Unarmed Combat
 27543 | D:15     | Found a transporter.
 27545 | D:15     | Identified the ring "Xymn" {rPois rF+ rCorr Str+5}
 27819 | D:15     | Found a staircase to the Depths.
 27819 | D:15     | Noticed a stone giant
 28375 | D:15     | Identified the +0 ring mail "Kojig" {Rampage +Inv rC+}
                  | (Okawaru gifted it to you on level 15 of the Dungeon)
 28375 | D:15     | Received a gift from Okawaru
 28630 | D:15     | Paralysed by a floating eye for 4 turns
 28653 | D:15     | Found Jeam Huu's Armour Emporium.
 28655 | D:15     | Slain by a wolf spider simulacrum

Illustrated notes

Levels and vault maps discovered:
D:1:      roderic_dead_forest, layout_rooms, serial_shops, shop,
          hangedman_glass_teeth, grunt_decor_resistance, hex_intersection,
          moated_statue, st_stairs_4, wad_floor_pattern_untrapped, hex_medium,
          minmay_quantized
D:2:      layout_basic
D:3:      layout_loops_corners, basic_ecumenical_altar,
          wander_ebering_terrifying_dragon_lair, uniq_jessica, uniq_ijyb
D:4:      layout_cave_pools, minmay_temple_entry_stoned_glass,
          minmay_a_box_with_orc_wizards_in_it, uniq_edmund
D:5:      layout_rooms, uniq_pikel
D:6:      layout_gridville
D:7:      layout_loops_ring, nicolae_overflow_hidden_temple,
          nicolae_ossuary_entry_false_entrances, minmay_hollow_rounded_squares,
          uniq_harold
D:8:      layout_loops_ring, nicolae_lava_and_water,
          minmay_misc_feat_secret_circle, minmay_small_thing, uniq_joseph
D:9:      gammafunk_cloud_chamber, layout_loops_ring, dpeg_lair_monsters,
          wad_floor_pattern_2, chequers_serial_rivers_large_b,
          chequers_decorated_corner, minmay_fractal_squares_diagonal_5,
          uniq_maurice, uniq_maggie
D:10:     layout_loops_cross, ebering_ghost_gozag, enter_bailey_2, uniq_snorg
D:11:     layout_gridville, special_room [special_room_bee]
D:12:     layout_gridville, minmay_orc_entry_temple_small, minmay_statue_bubble,
          uniq_fannar
D:13:     layout_stronghold, uniq_sonja
D:14:     layout_roguey, lightli_vaults_fourway_checkpoint,
          amcnicky_mini_rare_corridor_liquid, tso_metal_star
D:15:     hangedman_spin_cycle
Temple:   kilobyte_greek_temple
Lair:1:   layout_long_grid, grunt_megastairs_3
Lair:2:   layout_gridlike, minmay_snake_entry_six_corridors
Lair:3:   gammafunk_indiana_jones, layout_loops_ring, minmay_swamp_entry_worms

Skill      XL: |  1  2  3  4  5  6  7  8  9 10 11 12 13 14 |
---------------+-------------------------------------------+-----
Maces & Flails | 2 |  2.5
Dodging        | 2 3 4 5 6 7 8 |  8.0
Unarmed Combat | 2 3 4 5 6 7 9 10 11 13 15 | 15.0
Fighting       | 4 5 6 7 8 9 10 | 10.0
Evocations     | 1 2 3 5 6 7 8 |  8.0
Invocations    | 3 5 7 8 9 |  9.0
Armour         | 1 3 4 5 |  5.0
Spellcasting   | 2 3 5 7 |  7.2
Hexes          | 2 3 5 7 |  7.8
Air Magic      | 2 3 5 7 |  7.1
Shields        | 1 4 |  4.0
Stealth        | |  4.5

Action                   |  1- 3 |  4- 6 |  7- 9 | 10-12 | 13-15 || total
-------------------------+-------+-------+-------+-------+-------++-------
Melee: Mace              |     5 |    33 |       |       |       ||    38
       Kick              |     1 |    18 |    64 |    82 |       ||   165
       Dire flail        |       |    20 |   249 |       |       ||   269
       Unarmed           |       |       |    45 |   476 |   540 ||  1061
       Punch             |       |       |     3 |     9 |       ||    12
       Dagger            |       |       |       |       |     3 ||     3
Invok: Heroism           |       |       |     3 |    16 |     4 ||    23
Evoke: Wand              |     5 |     6 |     4 |    15 |     3 ||    33
  Use: Scroll            |       |       |     8 |     8 |     5 ||    21
       Potion            |       |       |     1 |     1 |     1 ||     3
 Stab: Distracted        |       |     1 |     1 |     1 |       ||     3
       Sleeping          |       |     1 |    28 |     9 |     4 ||    42
       Paralysed         |       |       |     4 |    26 |     5 ||    35
       Petrified         |       |       |       |       |     7 ||     7
Armor: Leather armour    |     3 |     7 |    18 |       |    54 ||    82
       Robe              |       |       |    29 |     4 |       ||    33
       Acid dragon scale |       |       |       |    90 |    62 ||   152
Dodge: Dodged            |     5 |    29 |   167 |   417 |   278 ||   896
Block: Buckler           |       |       |       |    60 |   115 ||   175
